 Dungeon Crawl Stone Soup version 0.17-a0-1850-g688e747 (webtiles) character file.

95 MikeDS the Chopper (level 4, -6/39 HPs)
             Began as a Hill Orc Fighter on Sept 19, 2015.
             Was an Initiate of Okawaru.
             Killed by nerve-wracking pain
             ... invoked by Grinder
              (12 damage)
             ... on level 2 of the Dungeon.
             The game lasted 00:14:14 (2319 turns).

MikeDS the Chopper (Hill Orc Fighter)               Turns: 2319, Time: 00:14:14

Health: -6/39      AC:  8    Str: 18    XL:     4   Next: 66%
Magic:  4/4        EV:  7    Int:  8    God:    Okawaru [......]
Gold:   190        SH:  9    Dex: 11    Spells: 0 memorised, 3 levels left

rFire  . . .     SeeInvis .     a - +0 war axe
rCold  . . .     Clarity  .     b - +0 scale mail
rNeg   . . .     SustAt   .     c - +0 shield
rPois  .         Gourm    .     (no helmet)
rElec  .         Spirit   .     (no cloak)
rCorr  .         Warding  .     (no gloves)
rMut   .         Stasis   .     n - +0 pair of boots
MR     .....                    (no amulet)
Stlth  ..........               (no ring)
                                (no ring)

@: not resistant to hostile enchantments, extremely unstealthy
A: no striking features
a: Renounce Religion


You were on level 2 of the Dungeon.
You worshipped Okawaru.
Okawaru was noncommittal.
You were not hungry.

You visited 1 branch of the dungeon, and saw 3 of its levels.

You collected 190 gold pieces.

Inventory:

Hand weapons
 a - a +0 war axe (weapon)
 w - a cursed -3 flail
 x - a +3 short sword of holy wrath
Missiles
 r - 19 arrows of dispersal
 t - 6 arrows of flame
 v - a tomahawk (quivered)
Armour
 b - a +0 scale mail (worn)
 c - a +0 shield (worn)
 n - a +0 pair of boots (worn)
Scrolls
 g - a scroll of fog {unknown}
 h - a scroll of identify {unknown}
 j - a scroll of recharging {unknown}
 m - a scroll of immolation {unknown}
Potions
 d - 2 potions of might
 i - a potion of flight {unknown}
 k - a potion of invisibility {unknown}
 l - a potion of magic {unknown}
 o - a potion of curing {unknown}
 p - a potion of brilliance {unknown}
 q - 2 potions of heal wounds {unknown}
Books
 s - an Akashic Record

   Spells                             Type                      Level
   a - Dispersal                      Translocation                6
   b - Controlled Blink               Translocation                7
   c - Malign Gateway                 Summoning/Translocation      7
   d - Disjunction                    Translocation                8
Comestibles
 e - 4 bread rations
 f - a meat ration


   Skills:
 - Level 3.6 Fighting
 + Level 5.8 Axes
 - Level 3.2 Armour
 - Level 1.0 Dodging
 - Level 0.1 Stealth
 - Level 3.2 Shields


You had 3 spell levels left.
You didn't know any spells.

Dungeon Overview and Level Annotations

Branches:
Dungeon (3/15)

Altars:
Dithmenos
Kikubaaqudgha
Makhleb
Nemelex Xobeh
Okawaru
Ru
Zin

Annotations:
D:2 Grinder


Message History

You block Grinder's attack.
You closely miss Grinder.
Grinder is lightly wounded.
Grinder says, "There's only one good use for a tongue: cutting it out."
Grinder barely misses you. Grinder gestures at you.
Pain shoots through your body!
* * * LOW HITPOINT WARNING * * *
Grinder hits you.
* * * LOW HITPOINT WARNING * * *
You writhe in agony.
* * * LOW HITPOINT WARNING * * *
You climb upwards.
There is a stone staircase leading down here.
Unknown command.
Read which item? (? for menu, Esc to quit)
Okay, then.
Grinder gestures at you. Pain shoots through your body!
You die...

....[..###.# #.# #.#
#.....(# #.###.###.#
#####.## #.........#
#.# #####.##### ##'##
##.##### ##...##
#...##(## ##.....##
#.......# ##.......##
#...##.##
#.........####5>@#.#
'.........'........#
#.........####...#.###
##.......## #........#
##.....## #.####.#.#
##...## #.# ##.#.#
##+## #.###.#..# #.#
#.##.###.# #####.#
#.###.#..#


You could see Grinder.

Vanquished Creatures
  3 adders
  An ooze (D:1)
  A worm (D:2)
  4 orcs (D:3)
  7 bats
  4 giant cockroaches
  7 hobgoblins
  6 jackals
  2 ball pythons
  A giant gecko (D:1)
  4 giant newts (D:1)
  5 goblins
  7 kobolds
  5 rats
57 creatures vanquished.

Notes
Turn   | Place    | Note
--------------------------------------------------------------
     0 | D:1      | MikeDS the Hill Orc Fighter began the quest for the Orb.
     0 | D:1      | Reached XP level 1. HP: 19/19 MP: 1/1
    80 | D:1      | Reached XP level 2. HP: 23/26 MP: 2/2
   233 | D:1      | Reached skill level 1 in Dodging
   365 | D:1      | Reached XP level 3. HP: 28/31 MP: 3/3
   399 | D:1      | Reached skill level 4 in Axes
  1284 | D:2      | Reached skill level 5 in Axes
  1286 | D:2      | Reached XP level 4. HP: 39/39 MP: 4/4
  1738 | D:3      | Found a burning altar of Makhleb.
  1741 | D:3      | Found a shadowy altar of Dithmenos.
  1742 | D:3      | Found a sacrificial altar of Ru.
  1742 | D:3      | Found an ancient bone altar of Kikubaaqudgha.
  1743 | D:3      | Found an iron altar of Okawaru.
  1744 | D:3      | Found a glowing silver altar of Zin.
  1746 | D:3      | Became a worshipper of Warmaster Okawaru
  1750 | D:3      | Found a sparkling altar of Nemelex Xobeh.
  2143 | D:3      | Noticed Grinder
  2144 | D:3      | Paralysed by Grinder for 7 turns
  2180 | D:3      | Paralysed by Grinder for 7 turns
  2200 | D:3      | Paralysed by Grinder for 4 turns
  2319 | D:2      | Killed from afar by Grinder

Vault maps used:
D:1:      dpeg_arrival_tiny_d
D:3:      minitemple, uniq_grinder

Action                   |  1- 3 |  4- 6 || total
-------------------------+-------+-------++-------
Melee: War axe           |   122 |    66 ||   188
Throw: Tomahawk          |       |     3 ||     3
  Eat: Chunk             |     1 |     2 ||     3
       Beef jerky        |       |     1 ||     1
